 Dungeon Crawl Stone Soup version 0.30-a0-626-gd6a5dd7a1f (webtiles) character file.

Game seed: 2080007246354277700

88 ryw the Grave Robber (level 4, 26/26 HPs)
             Began as a Deep Elf Necromancer on Jan 12, 2023.
             Quit the game on level 2 of the Dungeon.
             The game lasted 00:05:21 (2005 turns).

ryw the Grave Robber (Deep Elf Necromancer)         Turns: 2005, Time: 00:05:21

Health: 26/26      AC:  2    Str:  5    XL:     4   Next: 30%
Magic:  8/10       EV: 18    Int: 22    God:
Gold:   72         SH:  0    Dex: 15    Spells: 4/9 levels left

rFire   . . .      SeeInvis .    c - +0 short sword
rCold   . . .      Faith    .    (no shield)
rNeg    . . .      Spirit   .    a - +0 robe
rPois   .          Reflect  .    (no helmet)
rElec   .          Harm     .    (no cloak)
rCorr   .          Rampage  .    (no gloves)
Will    .....                    (no boots)
Stlth   ++                       (no amulet)
HPRegen 0.24/turn                l - +5 ring of evasion
MPRegen 0.12/turn                (no ring)

@: no status effects
A: no striking features
a: no special abilities


You were on level 2 of the Dungeon.
You visited 1 branch of the dungeon, and saw 4 of its levels.

You collected 72 gold pieces.

Inventory:

Hand Weapons
 c - a +0 short sword (weapon)
Missiles
 e - 5 javelins
Armour
 a - a +0 robe (worn)
Jewellery
 l - a +5 ring of evasion (left hand)
 p - a ring of flight
 q - a ring of poison resistance
Scrolls
 f - a scroll of magic mapping {unknown}
 h - a scroll of enchant weapon {unknown}
 i - a scroll of noise {unknown}
 m - a scroll of fear {unknown}
 n - 2 scrolls of identify {unknown}
 o - a scroll of immolation {unknown}
Potions
 b - a potion of magic
 d - a potion of might {unknown}
 g - a potion of curing {unknown}
 j - a potion of berserk rage {unknown}
 k - a potion of attraction {unknown}
 r - a potion of haste {unknown}
 s - a potion of degeneration {unknown}


   Skills:
 + Level 2.2 Fighting
 - Level 3.0 Dodging
 - Level 2.4 Stealth
 + Level 1.1 Unarmed Combat
 - Level 3.0 Spellcasting
 - Level 4.8 Necromancy
 + Level 1.5 Transmutations


You had 4 spell levels left.
You knew the following spells:

 Your Spells              Type           Power      Damage    Failure   Level
a - Necrotise             Necr           96%        1d8       1%          1
b - Beastly Appendage     Tmut           20%        N/A       6%          1
c - Spider Form           Tmut/Pois      6%         N/A       26%         3

Your spell library contained the following spells:

 Spells                   Type           Power      Damage    Failure   Level
 Vampiric Draining        Necr           24%        2d7       4%          3
 Wereblood                Tmut           10%        N/A       10%         2
 Animate Dead             Necr           24%        N/A       17%         4
 Agony                    Necr           24%        N/A       43%         5


Dungeon Overview and Level Annotations

Branches:
Dungeon (4/15)
 Temple: D:4-7

Altars:
Ru

Shops:
D:3 =


Message History

The kobold throws a poisoned dart.
The poisoned dart completely misses you.
There is a stone staircase leading up here.
You climb upwards.
Found a purple potion.
Found Ojed's Jewellery Shoppe.
Found a stone staircase leading up.
There is a stone staircase leading down here.
Unknown command.
Found a viscous amethyst potion.
s - a purple potion
There is an entrance to Ojed's Jewellery Shoppe here.
Found a stone staircase leading up.
There is a stone staircase leading up here.
You climb upwards.
The adder hisses angrily.
Found 30 gold pieces.
Found an escape hatch in the floor.
There is a stone staircase leading down here.
You turn into a venomous arachnid creature.
Your +0 short sword melds into your body.
Your +0 robe melds into your body.
The adder bites you.
You hit the adder.
The adder is poisoned.
The adder is lightly wounded.
The adder completely misses you. x2
You hit the adder.
The adder is severely wounded.
The adder closely misses you.
You barely miss the adder.
The adder is severely wounded.
Your transformation is almost over.
The adder completely misses you.
You hit the adder but do no damage.
The adder looks as sick as possible!
The adder is almost dead.
You kill the adder!
HP restored.
Your transformation has ended.
Your +0 short sword unmelds from your body.
Your +0 robe unmelds from your body.
Okay, then.
Unknown command.
Are you sure you want to abandon this character and quit the game? (Confirm with "yes".)

. ###. ... ..# # ####
..# $. ... ..#.###
######†#>$.....
..$....@.....#
##############....#####
...........).#....# #
############.#....#
####. #.#....# #....
#.#....# #.# # #.#....#
#.# +
#.#....###########.#.#
#.#..............#.#..


There were no monsters in sight!

Vanquished Creatures
  2 gnolls (D:2)
  3 adders (D:2)
  A dart slug (D:1)
  5 ball pythons (D:1)
  2 endoplasms (D:1)
  2 giant cockroaches (D:1)
  5 goblins
  6 hobgoblins
  3 quokkas
  3 bats (D:1)
  A frilled lizard (D:1)
  3 rats
36 creatures vanquished.

Vanquished Creatures (collateral kills)
  A dart slug (D:1)
  An endoplasm (D:1)
2 creatures vanquished.

Grand Total: 38 creatures vanquished

Notes
Turn   | Place    | Note
-------+----------+-------------------------------------------
     0 | D:1      | ryw the Deep Elf Necromancer began the quest for the Orb.
     0 | D:1      | Reached XP level 1. HP: 10/10 MP: 6/6
   249 | D:1      | Reached XP level 2. HP: 10/16 MP: 5/8
   254 | D:1      | Reached skill level 1 in Fighting
   261 | D:1      | Learned a level 1 spell: Beastly Appendage
   954 | D:1      | Reached XP level 3. HP: 20/20 MP: 5/9
  1121 | D:1      | Learned a level 3 spell: Spider Form
  1528 | D:2      | Reached skill level 1 in Transmutations
  1682 | D:2      | Found a sacrificial altar of Ru.
  1692 | D:2      | Found a faded altar of an unknown god.
  1918 | D:2      | Reached skill level 1 in Unarmed Combat
  1918 | D:2      | Reached XP level 4. HP: 18/26 MP: 6/10
  1948 | D:2      | You fall into a shaft and drop 2 floors!
  1982 | D:3      | Found Ojed's Jewellery Shoppe.
  2005 | D:2      | Quit the game

Illustrated notes

Levels and vault maps discovered:
D:1:      lemuel_arrival_tunnels, layout_loops_corners,
          nicolae_concentric_dashed_squares_wild
D:2:      layout_basic, ebering_ecumenical_altar_mist, basic_altar,
          grunt_decor_mini_mirrors, hangedman_decor_peaks_small,
          chequers_serial_rivers_room_a
D:3:      layout_rooms, nicolae_ashenzari_skybound, serial_shops, shop,
          shop_statue, shop, shop, nicolae_shop_waterfront,
          hangedman_decor_points, st_stairs_6, minmay_circle_x
D:4:      layout_rooms

Skill      XL: |  1  2  3 |
---------------+----------+-----
Dodging        | 3 |  3.0
Fighting       | 1 2 |  2.2
Transmutations | 1 |  1.5
Unarmed Combat | 1 |  1.1
Stealth        | |  2.4
Spellcasting   | |  3.0
Necromancy     | |  4.8

Action                   |  1- 3 |  4- 6 || total
-------------------------+-------+-------++-------
Melee: Unarmed           |    13 |     7 ||    20
 Cast: Necrotise         |    61 |       ||    61
       Spider Form       |     5 |     2 ||     7
Armor: Robe              |     2 |     1 ||     3
       Skin              |     1 |       ||     1
Dodge: Dodged            |    17 |     6 ||    23

Table legend: (Time is in decaauts)
 A = Elapsed time spent in this place.
 B = Non-inter-level travel time spent in this place.
 C = Inter-level travel time spent in this place.
 D = Time resting spent in this place.
 E = Time spent auto-exploring this place.
 F = Levels seen in this place.
 G = Mean time per level.
                   A        B        C        D        E       F      G
               +--------+--------+--------+--------+--------+-----+--------+
         Total |   2002 |   1949 |     53 |      0 |   1615 |   4 |  500.5 |
       Dungeon |   2002 |   1949 |     53 |      0 |   1615 |   4 |  500.5 |
               +--------+--------+--------+--------+--------+-----+--------+

Top non-repeatable levels by time:
     D:1: 1472 daAuts
     D:2: 488 daAuts
     D:4: 33 daAuts
     D:3: 7 daAuts
